 Dungeon Crawl Stone Soup version 0.30-a0-373-gd37427bb62 (webtiles) character file.

Game seed: 16975265793794491900

514998 Peppero the Slayer (level 26, -19/172 (176) HPs)
             Began as a Djinni Conjurer on Nov 23, 2022.
             Was the Champion of Ashenzari.
             Demolished by an ettin
             ... wielding the +8 great mace "Giasoit" {speed, Str+2}
              (35 damage)
             ... on level 2 of the Depths.
             The game lasted 02:08:01 (50222 turns).

Peppero the Slayer (Djinni Conjurer)               Turns: 50222, Time: 02:08:01

HP:   -19/172 (176) AC: 31    Str: 10    XL:     26   Next: 7%
Gold: 6828          EV:  9    Int: 33    God:    Ashenzari [******] SH: 13 Dex: 16

rFire   + + .      SeeInvis +    Q - +0 staff of Battle {Fort, Melee} (curse)
rCold   x x .      Faith    .    O - +3 warlock's mirror {reflect, Range, Self} (curse)
rNeg    . . .      Spirit   .    J - +0 plate armour of Ashenzari's Ennui {rPois Will+ MP-9 Str+4, Self, Cun} (curse)
rPois   ∞          Reflect  +    K - +1 helmet of the Ensconced Sage {Melee, Fort} (curse)
rElec   .          Harm     .    H - +1 cloak of the Unyielding Gaze {Will+, Cun, Melee} (curse)
rCorr   +          Rampage  .    u - +2 pair of gloves "Share My Submission" {Range, Cun} (curse)
Will    +++++      Clarity  +    (boots unavailable)
Stlth   ..........               t - amulet "Enlightened Chagrin" {Regen+, Evo, Range} (curse)
HPRegen 1.28/turn                k - ring "Tethered Together" {rCorr Dex+4, Fort, Melee} (curse)
MPRegen 0.00/turn                R - ring "At What Cost Knowledge?" {Will+++ MP+9 Int+4 Dex-3 SInv, Range, Self} (curse)

@: flying, lightly drained
A: sickness immunity, fire resistance 2, cold vulnerability 2, float, innate
caster, HP casting, extra vitality 1, frail 2
}: 4/15 runes: decaying, serpentine, slimy, silver
a: Renounce Religion, Shatter the Chains


You were on level 2 of the Depths.
You worshipped Ashenzari.
Ashenzari was exalted by your worship.
You visited 10 branches of the dungeon, and saw 46 of its levels.
You visited 1 bazaar.
You also visited: Sewer, Ice Cave and Wizlab.

You collected 8609 gold pieces.
You spent 1781 gold pieces at shops.

Inventory:

Hand Weapons
 Q - the cursed +0 staff of Battle (weapon) {Fort, Melee}
   (You acquired it in a bazaar)

   It enhances your conjuration magic.
   It summons a battlesphere in combat, with strength depending on Conjurations
   skill.
   Its strikes trigger the battlesphere's blasts.
   It has a curse which improves the following skills: Fortitude: Armour and
   Shields.
   Melee Combat: Short Blades, Long Blades, Axes, Maces & Flails, Polearms,
   Staves and Unarmed Combat.
Missiles
 E - 4 throwing nets
Armour
 u - the cursed +2 pair of gloves "Share My Submission" (worn) {Range, Cun}
   (You found it on level 4 of the Dungeon)

   It has a curse which improves the following skills: Ranged Combat: Ranged
   Weapons and Throwing.
   Cunning:   Dodging and Stealth.
 H - the cursed +1 cloak of the Unyielding Gaze (worn) {Will+, Cun, Melee}
   (You acquired it on level 9 of the Dungeon)

   It has a curse which improves the following skills: Cunning: Dodging and
   Stealth.
   Melee Combat: Short Blades, Long Blades, Axes, Maces & Flails, Polearms,
   Staves and Unarmed Combat.
 J - the cursed +0 plate armour of Ashenzari's Ennui (worn) {rPois Will+ MP-9 Str+4, Self, Cun}
   (You found it on level 9 of the Dungeon)

   Str:       It affects your strength (+4).
   rPois:     It protects you from poison.
   MP:        It affects your magic capacity (-9).
   Will:      It increases your willpower.
   It has a curse which improves the following skills: Introspection: Fighting
   and Spellcasting.
   Cunning:   Dodging and Stealth.
 K - the cursed +1 helmet of the Ensconced Sage (worn) {Melee, Fort}
   (You found it on level 10 of the Dungeon)

   It has a curse which improves the following skills: Melee Combat: Short
   Blades, Long Blades, Axes, Maces & Flails, Polearms, Staves and Unarmed
   Combat.
   Fortitude: Armour and Shields.
 O - the cursed +3 warlock's mirror (worn) {reflect, Range, Self}
   (You acquired it on level 12 of the Dungeon)

   It can block and reflect piercing ranged attacks and magical attacks against
   the wielder's willpower.
   It has a curse which improves the following skills: Ranged Combat: Ranged
   Weapons and Throwing.
   Introspection: Fighting and Spellcasting.
Jewellery
 a - a ring of willpower
 k - the cursed ring "Tethered Together" (left hand) {rCorr Dex+4, Fort, Melee}
   (You found it on level 5 of the Lair of Beasts)

   [ring of resist corrosion]

   Dex:       It affects your dexterity (+4).
   rCorr:     It protects you from acid and corrosion.
   It has a curse which improves the following skills: Fortitude: Armour and
   Shields.
   Melee Combat: Short Blades, Long Blades, Axes, Maces & Flails, Polearms,
   Staves and Unarmed Combat.
 t - the cursed amulet "Enlightened Chagrin" (around neck) {Regen+, Evo, Range}
   (You found it on level 5 of the Dungeon)

   [amulet of regeneration]

   Regen:     It increases your rate of health regeneration.
   It has a curse which improves the following skills: Evocations: Evocations.
   Ranged Combat: Ranged Weapons and Throwing.
 x - a ring of wizardry
 I - the ring of Barian {Wiz Will++ Dex+3}
   (You took it off a deep elf high priest on level 3 of the Elven Halls)

   [ring of wizardry]

   It improves your spell success rate.
   Dex:       It affects your dexterity (+3).
   Will:      It greatly increases your willpower.
 R - the cursed ring "At What Cost Knowledge?" (right hand) {Will+++ MP+9 Int+4 Dex-3 SInv, Range, Self}
   (You took it off a centaur on level 14 of the Dungeon)

   [ring of see invisible]

   Int:       It affects your intelligence (+4).
   Dex:       It affects your dexterity (-3).
   MP:        It affects your magic capacity (+9).
   SInv:      It lets you see invisible.
   Will:      It greatly increases your willpower.
   It has a curse which improves the following skills: Ranged Combat: Ranged
   Weapons and Throwing.
   Introspection: Fighting and Spellcasting.
 V - a ring of wizardry
 W - a +6 ring of intelligence
Wands
 h - a wand of digging (30)
 v - a wand of acid (49)
 z - a wand of flame (89)
 A - a wand of roots (84)
 L - a wand of charming (40)
 P - a wand of mindburst (13)
 S - a wand of polymorph (15)
Scrolls
 c - 12 scrolls of fear
 e - 7 scrolls of summoning
 j - 6 scrolls of butterflies
 o - 28 scrolls of teleportation
 r - 9 scrolls of magic mapping
 s - a scroll of enchant armour
 y - 8 scrolls of enchant weapon
 B - 4 scrolls of poison
 G - 5 scrolls of brand weapon
 T - 3 scrolls of silence
Potions
 b - 3 potions of resistance
 d - 22 potions of curing
 f - 10 potions of ambrosia
 g - 10 potions of haste
 i - 4 potions of heal wounds
 l - 6 potions of berserk rage
 m - 12 potions of attraction
 n - 7 potions of flight
 p - 12 potions of might
 q - 3 potions of cancellation
 C - 3 potions of magic
 D - 4 potions of invisibility
 N - 6 potions of brilliance
Miscellaneous
 F - a condenser vane
 M - a phial of floods
 U - a box of beasts


   Skills:
 - Level 24.8(27) Fighting
 + Level 19.6(24.4) Armour
 * Level 11.1(16.2) Dodging
 - Level 2.0(5.5) Stealth
 + Level 16.2(21.2) Shields
 * Level 21.4(26.1) Spellcasting


You had 2 spell levels left.
You knew the following spells:

 Your Spells              Type           Power      Damage    Failure   Level
a - Magic Dart            Conj           100%       1d8       0%          1
b - Searing Ray           Conj           100%       2d8       0%          2
c - Dazzling Flash        Conj/Hex       100%       N/A       0%          3
d - Fulminant Prism       Conj/Hex       72%        3d29      0%          4
e - Iskenderun's Mystic   Conj/Tloc      100%       2d19      0%          4
f - Summon Small Mammal   Summ           100%       N/A       0%          1
g - Scorch                Fire           100%       2d10      0%          2
h - Static Discharge      Conj/Air       100%       2-7/arc   0%          2
i - Portal Projectile     Hex/Tloc       100%       N/A       0%          3
j - Iskenderun's Battles  Conj           100%       2d15      0%          5
k - Arcjolt               Conj/Air       72%        1d82      0%          5
l - Iron Shot             Conj/Erth      72%        9d13      1%          6
m - Haunt                 Necr/Summ      60%        N/A       1%          7
n - Dispersal             Tloc           60%        N/A       1%          6
o - Necromutation         Tmut/Necr      60%        N/A       1%          8
p - Borgnjor's Revivific  Necr           60%        N/A       1%          8
q - Summon Horrible Thin  Summ           60%        N/A       1%          8
Your spell library was empty.

Dungeon Overview and Level Annotations

Branches:
Dungeon (15/15)            Temple (1/1) D:5            Lair (5/5) D:10
  Swamp (4/4) Lair:3        Snake (4/4) Lair:3        Slime (5/5) Lair:4
    Orc (2/2) D:9             Elf (3/3) Orc:2        Vaults (5/5) D:14
  Crypt (0/3) Vaults:2     Depths (2/4) D:15          Sewer (visited)
  IceCv (visited)          WizLab (visited)

Altars:
Ashenzari
Dithmenos
Elyvilon
Gozag
Makhleb
Nemelex Xobeh
Okawaru
Qazlal
Ru
Trog
Uskayaw
Wu Jian
Yredelemnul
Zin
The Shining One
Jiyva

Shops:
D:6 ?   D:12 *   Orc:2 *[:(   Elf:3 *   Snake:2 :*   Vaults:2 (

Portals:
Hell: Depths:1 Depths:2
Pandemonium: Depths:2
Trove: Vaults:4 (give +5 ice dragon scales)

Annotations:
D:12 exclusion: obsidian statue
Snake:2 4 transporters
Vaults:2 2 transporters, Uquewn Suowu's ghost, veteran GnWr
Depths:2 1 transporter, Nikola; Sermion's ghost, journeyman DsBe


Innate Abilities, Weirdness & Mutations

You are immune to sickness and miasma.
You are immune to poison.
Your flesh is very heat resistant. (rF++)
You are very vulnerable to cold. (rC--)
You float through the air rather than walking.
You learn spells naturally, not from books.
Your magical power is your life essence.
You have superior vitality. (+4 MHP)
You are very frail. (-20% HP)


Message History

The barrage of energy hits the iron giant!
The iron giant is heavily wounded.
The iron giant hits your battlesphere with the +4 giant club "Cazouquo" {vorpal, rElec rCorr Str+2}!!!
Your battlesphere is destroyed!
The ettin hits you with a +0 dire flail!!
The ettin hits you with a +0 dire flail!
* * * LOW HITPOINT WARNING * * *
Your freezing wraith hits the ettin!
Your freezing wraith freezes the ettin!!
Your freezing wraith hits the ettin.
Your freezing wraith drains the ettin's vigour!
The ettin seems to slow down.
Unknown command.
Unknown command.
As you read the scroll of fear, it crumbles to dust.
You assume a fearsome visage.
The ettin looks frightened!
The iron giant resists with almost no effort.
The ettin looks frightened!
The ettin is unaffected.
Sermion's ghost is unaffected.
The ettin looks frightened!
You conjure a globe of magical energy.
The iron giant hits you with the +4 giant club "Cazouquo" {vorpal, rElec rCorr Str+2}!!!
* * * LOW HITPOINT WARNING * * *
x2 The ettin barely misses your freezing wraith.
The ettin hits your freezing wraith with a +0 dire flail!!!
Your freezing wraith is destroyed!
Your freezing wraith disappears in a puff of smoke!
Unknown command.
You feel much better.
The ettin rages.
You feel much better.
The ettin hits you with the +8 great mace "Giasoit" {speed, Str+2}!!!
* * * LOW HITPOINT WARNING * * *
You block the ettin's attack.
The ettin nearly stumbles in trying to escape.
The iron giant throws the ettin at you!
* * * LOW HITPOINT WARNING * * *
The ettin wails, "Oh dear!
Oh dear!"
The ettin hits you but does no damage.
The ettin hits you with the +6 giant club of the Hall of Blades {flame, *Rage rN++}!!
You die...

* #.....).....###...> ,,,
,, #.....†.....# #..p.,{
#. #..########...# #..).,
{ #.. #..#... ..#...#
#...## **
#...#..#..##..#...# ,
#...#..#.#..#.#...# * ,,*
** #...#..#$#§)#C#...# ,
,,,, , #.....©#=.##)$#...#
* , , ,,
#......#=.WC@*#...# * ,,,
, ***##.. #.©#!.##C.#...#
* ,, { ,
.....#..#"#.)#.#...# *,,
,,,,
,,.....#..#!#.C#C#...####,
,∆,
,.....|..#..##.C#......#,
∆ *
*##......#©.....#......# ,
∆ , #......########......#
∆ , #...###...# #...####,
,* ######## #...# #...#
*,, * *


You could see an iron giant, 5 ettins, Sermion's ghost and a friendly
battlesphere.

Vanquished Creatures
  the Royal Jelly (Slime:5)
  2 ancient liches (Vaults:5)
  Bai Suzhen (Vaults:3)
  Xtahua (Vaults:5)
  A golden dragon (Vaults:5)
  A walking crystal tome (WizLab)
  Jorgrun (D:12)
  6 tentacled monstrosities
  The ghost of NoAnimeNoLife the Nimble, an adept DjEE of Ashenzari (Swamp:1)
  Rupert (Lair:5)
  3 deep elf blademasters
  A lich (Vaults:5)
  Asterion (Vaults:1)
  A walking divine tome (WizLab)
  A quicksilver dragon (Vaults:5)
  2 deep elf master archers (Elf:3)
  4 titans (Vaults:5)
  Gastronok (D:12)
  4 sphinxes
  27 acid blobs
  5 storm dragons
  3 tengu reavers
  4 shadow dragons (Vaults:5)
  3 fenstrider witches
  Donald (Vaults:2)
  7 nagarajas (Snake:4)
  20 azure jellies
  14 rockslimes
  2 strange machines (WizLab)
  4 fire giants
  An iron dragon (Vaults:5)
  A frost giant (Vaults:5)
  9 deep elf sorcerers
  17 vault wardens
  Louise (Swamp:1)
  A caustic shrike zombie (Depths:2)
  17 ironbound preservers
  12 quicksilver oozes
  2 deep elf elementalists (Elf:3)
  An orc warlord (Orc:2)
  2 war gargoyles (Vaults:5)
  6 stone giants
  The ghost of Ciotsan the Gelid, an adept FeIE of Vehumet (Vaults:3)
  22 very ugly things
  7 deep elf demonologists
  4 ironbound thunderhulks
  3 eleionomae
  4 deep elf annihilators
  6 dire elephants
  A crystal guardian (Vaults:4)
  5 bunyips
  6 fire dragons
  The ghost of Stoves66 the Fighter, a journeyman HuCA of Okawaru (D:12)
  9 deep elf death magi
  Josephine (Orc:2)
  3 shambling mangroves
  8 ettins
  11 yaktaur captains
  Snorg (D:13)
  13 great orbs of eyes
  2 ice dragons (Depths:2)
  29 vault guards
  Erolcha (D:12)
  4 deep elf high priests
  3 peacekeepers
  A salamander tyrant (Snake:3)
  19 hydras
  10 ironbound frosthearts
  6 rakshasas (WizLab)
  2 ogre magi
  2 ghost crabs (Swamp:3)
  A jorogumo (shapeshifter) (Vaults:5)
  6 boulder beetles
  A death knight (D:15)
  Erica (D:8)
  13 two-headed ogres
  9 anacondas
  6 centaur warriors
  A catoblepas (D:14)
  10 alligators
  32 dancing weapons
  3 death yaks (Lair:5)
  14 naga warriors
  5 orc high priests
  4 deep troll shamans
  5 deep troll earth magi
  A tengu warrior (Depths:1)
  2 spriggan berserkers (Depths:1)
  6 naga sharpshooters
  15 deep elf knights
  4 shock serpents
  3 hell knights
  11 skeletal warriors
  3 salamander mystics
  Lodul (D:10)
  A deep troll (shapeshifter) (D:14)
  7 goliath frogs
  4 spriggan druids
  A death drake (Swamp:1)
  12 deep elf archers
  61 deep trolls
  7 swamp dragons
  15 ironbound convokers
  3 phantasmal warriors (Vaults:5)
  A glowing orange brain (Vaults:3)
  Pikel (D:7)
  5 naga ritualists
  19 lindwurms
  A harpy (shapeshifter) (D:13)
  2 bog bodies
  25 deep elf pyromancers
  7 necromancers
  10 wizards
  4 harpies (Vaults:1)
  3 orc knights (Orc:2)
  39 ugly things
  3 oklob plants (Lair:4)
  22 deep elf zephyrmancers
  9 mana vipers
  8 orc sorcerers
  3 will-o-the-wisps
  9 cyclopes
  13 salamanders
  10 shining eyes
  A sphinx skeleton (Vaults:3)
  A stone giant zombie (Depths:2)
  16 elephants
  2 manticores
  5 eyes of devastation
  34 black mambas
  7 naga magi
  An ice statue (IceCv)
  A guardian serpent (shapeshifter) (D:15)
  8 vault sentinels
  2 gargoyles (D:12)
  4 guardian serpents
  2 torpor snails (Lair:5)
  13 cane toads
  4 unseen horrors
  7 freezing wraiths
  7 rime drakes
  11 ice devils (IceCv)
  7 komodo dragons
  57 yaktaurs
  A tengu conjurer (D:14)
  3 anaconda simulacra (IceCv)
  A kobold demonologist (D:9)
  2 efreet (D:14)
  A komodo dragon (shapeshifter) (D:15)
  A bloated husk (Swamp:1)
  13 polar bears
  10 tyrant leeches
  A queen bee (shapeshifter) (D:13)
  6 trolls
  A nameless horror (WizLab)
  13 hornets
  77 slime creatures
  A raiju (Lair:5)
  Prince Ribbit (D:7)
  35 blink frogs
  7 dream sheep (Lair:5)
  A dream sheep (shapeshifter) (Vaults:5)
  A centaur simulacrum (D:14)
  A vampire (D:9)
  An elf skeleton (Vaults:3)
  10 spriggans
  3 air elementals
  7 wraiths
  A shadow (D:12)
  An ettin skeleton (Vaults:3)
  5 wyverns
  A basilisk (shapeshifter) (D:12)
  A dire elephant simulacrum (IceCv)
  45 yaks
  6 golden eyes
  A hog (shapeshifter) (Elf:1)
  16 humans (D:14)
  3 fire elementals
  4 death yak simulacra (IceCv)
  7 basilisks
  2 two-headed ogre zombies (D:9)
  4 steam dragons
  Menkaure (D:4)
  6 vampire mosquitoes
  5 wargs
  4 harpy simulacra (IceCv)
  3 acid dragons
  35 nagas
  14 swamp worms
  16 hell hounds (Lair:5)
  2 floating eyes (Slime:5)
  A hydra simulacrum (IceCv)
  24 water moccasins
  A glowing shapeshifter skeleton (Depths:2)
  Pargi (Sewer)
  2 sky beasts (D:6)
  9 swamp drakes (Swamp:4)
  23 orc warriors
  2 ice beasts (D:5)
  13 black bears
  10 ogres
  5 boggarts (D:14)
  14 centaurs
  3 lemures (D:7)
  26 wolves
  A centaur (shapeshifter) (D:14)
  A phantom (D:9)
  6 kobold brigands
  2 earth elementals
  A human zombie (Vaults:3)
  3 necrophages
  7 bullfrogs
  A two-headed ogre simulacrum (IceCv)
  3 scorpions
  5 cane toad simulacra (IceCv)
  4 wights (D:10)
  2 troll zombies (D:9)
  3 elephant simulacra (IceCv)
  17 killer bees
  3 electric eels (D:8)
  7 howler monkeys
  A quasit (D:12)
  5 jellies
  6 hounds
  24 orc priests
  6 iguanas
  15 orc wizards
  2 hell rats (Lair:1)
  A polar bear simulacrum (IceCv)
  7 wolf simulacra (IceCv)
  2 troll simulacra (IceCv)
  4 ogre zombies (D:9)
  3 gnolls (D:6)
  7 adders
  A naga simulacrum (IceCv)
  7 river rats
  A shadow imp (D:5)
  13 white imps
  2 ufetubi (IceCv)
  5 worms
  2 dart slugs (D:2)
  67 orcs
  5 bats
  3 endoplasms
  4 giant cockroaches
  6 goblins
  7 hobgoblins
  2 jackals (D:4)
  25 kobolds
  2 quokkas
  10 ball pythons
  6 frilled lizards
  2 goblin skeletons (D:9)
  A goblin zombie (D:9)
  A hobgoblin skeleton (D:9)
  4 hobgoblin zombies (D:9)
  6 orc skeletons (D:9)
  11 orc zombies (D:9)
  12 rats
  A bush (D:10)
1901 creatures vanquished.

Vanquished Creatures (collateral kills)
  3 titans (Vaults:5)
  2 acid blobs (Slime:5)
  2 storm dragons (Vaults:5)
  3 azure jellies
  A rockslime (Slime:5)
  A deep elf sorcerer (Vaults:5)
  A vault warden (Vaults:5)
  A deep elf elementalist (Elf:3)
  2 quicksilver oozes (Slime:5)
  A war gargoyle (Vaults:4)
  A stone giant (Vaults:5)
  A deep elf demonologist (Elf:3)
  2 deep elf annihilators
  2 ettins (Depths:2)
  A deep elf high priest (Elf:3)
  2 yaktaur captains (Vaults:5)
  An ice dragon (Depths:1)
  2 vault guards (Vaults:4)
  A two-headed ogre (Vaults:5)
  2 ugly things (Depths:1)
  A shining eye (shapeshifter) (Vaults:5)
  2 slime creatures (Slime:3)
  An ogre (Vaults:5)
  An earth elemental (Elf:1)
37 creatures vanquished.

Vanquished Creatures (others)
  An ironbound preserver (Vaults:5)
  A wizard (Vaults:1)
  A deep elf pyromancer (Elf:2)
  A lindwurm (Swamp:4)
  A steam dragon (Swamp:4)
  A swamp worm (Swamp:1)
  2 swamp drakes (Swamp:4)
  An orc (Elf:2)
  A bush (Lair:3)
  6 foxfires (Swamp:4)
  27 fulminant prisms
  11 fungi
  80 plants
134 creatures vanquished.

Grand Total: 2072 creatures vanquished

Notes
Turn   | Place    | Note
-------+----------+-------------------------------------------
     0 | D:1      | Peppero the Djinni Conjurer began the quest for the Orb.
     0 | D:1      | Peppero set off with the following spells memorised: Magic
                  | Dart, Searing Ray, Dazzling Flash, Fulminant Prism,
                  | Iskenderun's Mystic Blast.
     0 | D:1      | Reached XP level 1. HP: 15/15 MP: 0/0
   151 | D:1      | Reached XP level 2. HP: 19/21 MP: 0/0
   817 | D:2      | Reached XP level 3. HP: 26/26 MP: 0/0
   817 | D:2      | Learned a level 1 spell: Summon Small Mammal
   822 | D:2      | Reached skill level 1 in Fighting
  1504 | D:3      | Reached XP level 4. HP: 31/33 MP: 0/0
  1814 | D:3      | Reached skill level 2 in Fighting
  1985 | D:4      | Reached XP level 5. HP: 36/39 MP: 0/0
  1985 | D:4      | Learned a level 2 spell: Scorch
  2031 | D:4      | Noticed an ogre
  2040 | D:4      | Killed an ogre
  2041 | D:4      | Reached skill level 3 in Fighting
  2041 | D:4      | Reached XP level 6. HP: 39/47 MP: 0/0
  2147 | D:4      | Noticed Menkaure
  2155 | D:4      | Killed Menkaure
  2156 | D:4      | Reached skill level 4 in Fighting
  2299 | D:4      | Reached XP level 7. HP: 36/53 MP: 0/0
  2299 | D:4      | Learned a level 2 spell: Static Discharge
  2384 | D:4      | Reached skill level 5 in Fighting
  2449 | D:4      | Found an iron altar of Okawaru.
  2569 | D:4      | Noticed a moth of wrath
  2573 | D:4      | Found a bloodstained altar of Trog.
  3132 | D:5      | Entered Level 5 of the Dungeon
  3141 | D:5      | Reached skill level 6 in Fighting
  3190 | D:5      | Reached XP level 8. HP: 51/61 MP: 0/0
  3197 | D:5      | Reached skill level 5 in Spellcasting
  3440 | D:5      | Reached skill level 7 in Fighting
  3497 | D:5      | Found a staircase to the Ecumenical Temple.
  3529 | Temple   | Entered the Ecumenical Temple
  3561 | Temple   | Became a worshipper of Ashenzari the Shackled
  3654 | D:5      | Identified 3 scrolls of acquirement
  3658 | D:5      | Acquired a manual of Spellcasting
  3662 | D:5      | Acquired a manual of Armour
  3666 | D:5      | Acquired 1049 gold pieces
  3686 | D:5      | Found a glowing golden altar of the Shining One.
  4203 | D:6      | Found a glowing drain.
  4205 | D:6      | Reached skill level 8 in Fighting
  4223 | Sewer    | Entered a sewer
  4277 | Sewer    | Noticed Pargi
  4282 | Sewer    | Killed Pargi
  4283 | Sewer    | Reached XP level 9. HP: 65/71 MP: 0/0
  4283 | Sewer    | Learned a level 3 spell: Portal Projectile
  4641 | D:6      | Reached skill level 9 in Fighting
  5033 | D:6      | Found Daras's Magic Scroll Boutique.
  5037 | D:6      | Bought a scroll of teleportation for 39 gold pieces
  5037 | D:6      | Bought a scroll of summoning for 123 gold pieces
  5037 | D:6      | Bought a scroll of blinking for 97 gold pieces
  5037 | D:6      | Bought a scroll of blinking for 97 gold pieces
  5037 | D:6      | Bought a scroll of teleportation for 39 gold pieces
  5233 | D:7      | Noticed Prince Ribbit
  5242 | D:7      | Killed Prince Ribbit
  5251 | D:7      | Reached skill level 10 in Fighting
  5311 | D:7      | Found a sacrificial altar of Ru.
  5381 | D:7      | Reached * piety under Ashenzari
  5763 | D:7      | Found a hide-covered altar of Uskayaw.
  5967 | D:7      | Noticed Pikel
  5972 | D:7      | Reached ** piety under Ashenzari
  5977 | D:7      | Killed Pikel
  5978 | D:7      | Reached XP level 10. HP: 68/84 MP: 0/0
  6266 | D:8      | Noticed a two-headed ogre
  6363 | D:8      | Killed a two-headed ogre
  6364 | D:8      | Reached skill level 11 in Fighting
  6457 | D:8      | Found a white marble altar of Elyvilon.
  6529 | D:8      | Found a sparkling altar of Nemelex Xobeh.
  6540 | D:8      | Noticed Erica
  6547 | D:8      | Killed Erica
  6570 | D:8      | Reached skill level 10 in Spellcasting
  7162 | D:9      | Noticed a kobold demonologist
  7164 | D:9      | Reached XP level 11. HP: 88/92 MP: 0/0
  7164 | D:9      | Learned a level 5 spell: Iskenderun's Battlesphere
  7172 | D:9      | Reached skill level 12 in Fighting
  7197 | D:9      | Acquired a +1 cloak of willpower
  7209 | D:9      | Reached *** piety under Ashenzari
  7442 | D:9      | Found a staircase to the Orcish Mines.
  7448 | D:9      | Reached skill level 1 in Armour
  7633 | D:9      | Identified the +0 plate armour "Guhoemmu" {rPois Will+ MP-9
                  | Str+4}
  7814 | D:10     | Entered Level 10 of the Dungeon
  7840 | D:10     | Found a staircase to the Lair.
  7853 | D:10     | Reached skill level 13 in Fighting
  8140 | D:10     | Noticed a two-headed ogre
  8147 | D:10     | Killed a two-headed ogre
  8148 | D:10     | Reached XP level 12. HP: 77/101 MP: 0/0
  8187 | D:10     | Noticed Lodul
  8191 | D:10     | Killed Lodul
  8192 | D:10     | Reached skill level 5 in Armour
  8304 | D:10     | Found an ornate altar of the Wu Jian Council.
  8403 | D:10     | Found a stormy altar of Qazlal.
  8406 | D:10     | Found a burning altar of Makhleb.
  8548 | D:10     | Noticed a fire dragon
  8560 | D:10     | Killed a fire dragon
  8692 | D:11     | Noticed a two-headed ogre
  8696 | D:11     | Killed a two-headed ogre
  8836 | D:11     | Reached skill level 14 in Fighting
  9473 | D:12     | Noticed a boulder beetle
  9479 | D:12     | Noticed a centaur warrior
  9479 | D:12     | Noticed Gastronok
  9485 | D:12     | Noticed a four-headed hydra
  9491 | D:12     | Killed a centaur warrior
  9492 | D:12     | Killed a boulder beetle
  9494 | D:12     | Killed a four-headed hydra
  9510 | D:12     | Killed Gastronok
  9511 | D:12     | Reached XP level 13. HP: 37/110 MP: 0/0
  9511 | D:12     | Learned a level 5 spell: Arcjolt
  9532 | D:12     | Reached **** piety under Ashenzari
  9748 | D:12     | Noticed Erolcha
  9754 | D:12     | Killed Erolcha
  9931 | D:12     | Identified the +3 spear of the Tent {vorpal, rN+}
  9936 | D:12     | Noticed a rakshasa
  9970 | D:12     | Noticed Jorgrun
  9980 | D:12     | Killed Jorgrun
  9981 | D:12     | Reached skill level 15 in Fighting
 10128 | D:12     | Found a runed translucent gate.
 10128 | D:12     | Found a runed translucent gate.
 10129 | D:12     | Found an opulent altar of Gozag.
 10130 | D:12     | Found a runed translucent gate.
 10353 | D:12     | Found Biged's Assorted Antiques.
 10353 | D:12     | Noticed Stoves66's ghost (journeyman HuCA)
 10353 | D:12     | Noticed a storm dragon
 10597 | D:12     | Noticed a rakshasa
 10638 | D:12     | Acquired the +3 warlock's mirror {reflect}
 10638 | D:12     | Found the +3 warlock's mirror {reflect}
 10654 | D:12     | Killed a storm dragon
 10655 | D:12     | Reached skill level 1 in Shields
 10661 | D:12     | Killed Stoves66's ghost
 10735 | D:12     | Bought 3 scrolls of teleportation for 324 gold pieces
 10768 | D:13     | Noticed a centaur warrior
 10818 | D:13     | Noticed a centaur warrior
 10821 | D:13     | Killed a centaur warrior
 10825 | D:13     | Killed a centaur warrior
 10928 | D:13     | Reached skill level 10 in Armour
 11039 | D:13     | Reached XP level 14. HP: 120/120 MP: 0/0
 11335 | D:13     | Reached skill level 16 in Fighting
 11792 | D:13     | Noticed Snorg
 11798 | D:13     | Killed Snorg
 12311 | D:14     | Identified the ring "Arun" {Will+++ MP+9 Int+4 Dex-3 SInv}
 12841 | D:14     | Reached skill level 5 in Shields
 12882 | D:14     | Reached XP level 15. HP: 104/127 MP: 0/0
 12882 | D:14     | Learned a level 6 spell: Iron Shot
 12932 | D:14     | Found a gate to the Vaults.
 13253 | D:15     | Entered Level 15 of the Dungeon
 13258 | D:15     | Reached skill level 17 in Fighting
 13651 | D:15     | Found a staircase to the Depths.
 13651 | D:15     | Noticed a fire giant
 13738 | D:15     | Killed a fire giant
 14078 | Lair:1   | Entered Level 1 of the Lair of Beasts
 14324 | Lair:1   | Identified the +7 whip of Iconoclasm {protect, Dex+4}
 14355 | Lair:1   | Reached ***** piety under Ashenzari
 15542 | Lair:3   | Found a staircase to the Swamp.
 15595 | Lair:3   | Found a staircase to the Snake Pit.
 15604 | Lair:3   | Reached skill level 15 in Spellcasting
 15604 | Lair:3   | Reached XP level 16. HP: 137/142 MP: 0/0
 15674 | Lair:3   | Identified the +5 long sword "Fitog" {flame, rElec rN+
                  | Int-5}
 15829 | Lair:3   | Reached skill level 18 in Fighting
 15984 | Lair:3   | Identified Xafi's Excursus on Left-Handed Magicks and Firn
 16423 | Lair:4   | Found a staircase to the Slime Pits.
 16489 | Lair:4   | Found a viscous altar of Jiyva.
 16886 | Lair:5   | Entered Level 5 of the Lair of Beasts
 16943 | Lair:5   | Found a frozen archway.
 17023 | IceCv    | Entered an ice cave
 17336 | IceCv    | Found the +4 skin of Zhor {*Englaciate rC+++ SInv}
 18011 | Lair:5   | Noticed Rupert
 18017 | Lair:5   | Killed Rupert
 18153 | Lair:5   | Identified the ring "Hyli" {rCorr Dex+4}
 18360 | Lair:5   | Reached XP level 17. HP: 117/150 MP: 0/0
 18360 | Lair:5   | Learned a level 7 spell: Haunt
 18915 | Lair:5   | Reached skill level 19 in Fighting
 19413 | Orc:1    | Entered Level 1 of the Orcish Mines
 19519 | Orc:2    | Entered Level 2 of the Orcish Mines
 19611 | Orc:2    | Reached ****** piety under Ashenzari
 19708 | Orc:2    | Found a staircase to the Elven Halls.
 19708 | Orc:2    | Noticed Josephine
 19715 | Orc:2    | Killed Josephine
 20256 | Orc:2    | Found Ruwihano's General Store.
 20257 | Orc:2    | Found Omugyd's Book Shoppe.
 20259 | Orc:2    | Found Puskiug's Antique Armour Shoppe.
 20259 | Orc:2    | Found Dufa's Antique Weapon Emporium.
 20264 | Orc:2    | Bought a scroll of fear for 52 gold pieces
 20264 | Orc:2    | Bought a scroll of summoning for 123 gold pieces
 20876 | Elf:1    | Entered Level 1 of the Elven Halls
 20927 | Elf:1    | Identified the +1 ring mail of Jaoges {Dex+5}
 21142 | Elf:1    | Noticed an Ice Fiend
 21762 | Elf:1    | Paralysed by an air elemental for 1 turns
 22032 | Elf:1    | Reached XP level 18. HP: 149/161 MP: 0/0
 22415 | Swamp:1  | Entered Level 1 of the Swamp
 22427 | Swamp:1  | Noticed NoAnimeNoLife's ghost (adept DjEE)
 22429 | Swamp:1  | Found a runed translucent gate.
 22429 | Swamp:1  | Found a runed translucent gate.
 22429 | Swamp:1  | Found a runed translucent gate.
 22430 | Swamp:1  | Noticed a tentacled monstrosity
 22432 | Swamp:1  | Noticed a tentacled monstrosity
 22434 | Swamp:1  | Noticed a tentacled monstrosity
 22557 | Swamp:1  | Identified the ring "Asarucri" {rC++ rN+ Will- Dex+6 SInv}
 22566 | Swamp:1  | Killed a tentacled monstrosity
 22567 | Swamp:1  | Reached skill level 15 in Armour
 22568 | Swamp:1  | Killed a tentacled monstrosity
 22572 | Swamp:1  | Killed a tentacled monstrosity
 22573 | Swamp:1  | Reached skill level 20 in Fighting
 22578 | Swamp:1  | Killed NoAnimeNoLife's ghost
 22992 | Swamp:1  | Noticed Louise
 23056 | Swamp:1  | Killed Louise
 23562 | Swamp:2  | Reached skill level 10 in Shields
 24805 | Swamp:3  | Reached XP level 19. HP: 161/169 MP: 0/0
 24805 | Swamp:3  | Learned a level 6 spell: Dispersal
 25010 | Swamp:4  | Entered Level 4 of the Swamp
 25454 | Swamp:4  | Got a decaying rune of Zot
 25945 | Snake:1  | Entered Level 1 of the Snake Pit
 26896 | Snake:1  | Reached skill level 21 in Fighting
 27169 | Snake:2  | Found a transporter.
 27171 | Snake:2  | Found a transporter.
 27399 | Snake:2  | Found a transporter.
 27431 | Snake:2  | Found Qaduf's General Store.
 27431 | Snake:2  | Found Ipaqatraleo's Book Boutique.
 27638 | Snake:2  | Found a transporter.
 27799 | Snake:2  | Found a transporter.
 27811 | Snake:2  | Found a transporter.
 28846 | Snake:4  | Entered Level 4 of the Snake Pit
 28937 | Snake:4  | Reached XP level 20. HP: 169/178 MP: 0/0
 29662 | Snake:4  | Found a flickering gateway to a bazaar.
 29667 | Bazaar   | Entered a bazaar
 29681 | Bazaar   | Found Bofe's Distillery.
 29689 | Bazaar   | Bought a potion of heal wounds for 40 gold pieces
 29701 | Bazaar   | Found Omeges's Magic Scroll Shop.
 29722 | Bazaar   | Found Zunupnawn's Distillery.
 29730 | Bazaar   | Bought a potion of heal wounds for 35 gold pieces
 29730 | Bazaar   | Bought a potion of curing for 21 gold pieces
 29730 | Bazaar   | Bought a potion of invisibility for 56 gold pieces
 29751 | Bazaar   | Found Vuwa's Magic Scroll Shop.
 29755 | Bazaar   | Bought a scroll of acquirement for 520 gold pieces
 29755 | Bazaar   | Bought a scroll of summoning for 95 gold pieces
 29757 | Bazaar   | Acquired the +0 staff of Battle
 29757 | Bazaar   | Found the +0 staff of Battle
 30184 | Snake:4  | Got a serpentine rune of Zot
 31030 | Elf:2    | Found a runed translucent gate.
 31030 | Elf:2    | Found a runed translucent gate.
 31030 | Elf:2    | Found a runed translucent gate.
 31187 | Elf:2    | Reached skill level 22 in Fighting
 32085 | Vaults:1 | Entered Level 1 of the Vaults
 32235 | Vaults:1 | Reached XP level 21. HP: 53/182 MP: 0/0
 32235 | Vaults:1 | Learned a level 8 spell: Necromutation
 32529 | Vaults:1 | Noticed Asterion
 32535 | Vaults:1 | Killed Asterion
 33927 | Vaults:2 | Found a staircase to the Crypt.
 34050 | Vaults:2 | Noticed Donald
 34059 | Vaults:2 | Killed Donald
 34217 | Vaults:2 | Found a transporter.
 34404 | Vaults:2 | Found Ogetojau's Weapon Shoppe.
 34547 | Vaults:2 | Found a transporter.
 34548 | Vaults:2 | Noticed a dread lich
 34552 | Vaults:2 | Noticed Uquewn Suowu's ghost (veteran GnWr)
 35140 | Vaults:3 | Reached skill level 23 in Fighting
 35267 | Vaults:3 | Reached XP level 22. HP: 103/191 MP: 0/0
 35462 | Vaults:3 | Found a runed translucent gate.
 35462 | Vaults:3 | Found a runed translucent gate.
 35462 | Vaults:3 | Found a runed translucent gate.
 35464 | Vaults:3 | Noticed Ciotsan's ghost (adept FeIE)
 35471 | Vaults:3 | Killed Ciotsan's ghost
 35588 | Vaults:3 | Noticed Bai Suzhen
 35593 | Vaults:3 | Killed Bai Suzhen
 37233 | Vaults:4 | Found a portal to a secret trove of treasure.
 38091 | Vaults:4 | Reached XP level 23. HP: 153/201 MP: 0/0
 38091 | Vaults:4 | Learned a level 8 spell: Borgnjor's Revivification
 38579 | Vaults:5 | Entered Level 5 of the Vaults
 38726 | Vaults:4 | Reached skill level 24 in Fighting
 39303 | Vaults:5 | Identified the +7 hand axe of the Durable God {flame, *Slow
                  | Fragile rPois Dex+7}
 39380 | Vaults:5 | Identified the +0 ring mail "Xisiah" {rElec rF+ rC++ Dex-3}
 39985 | Vaults:5 | Acquired 594 gold pieces
 40247 | Vaults:5 | Noticed a golden dragon
 40253 | Vaults:5 | Killed a golden dragon
 40344 | Vaults:5 | Noticed an ancient lich
 40363 | Vaults:5 | Killed an ancient lich
 40505 | Vaults:5 | Identified the +5 glaive of the Arena {pain, rF+ Dex+4}
 40684 | Vaults:5 | Reached XP level 24. HP: 182/201 MP: 0/0
 40911 | Vaults:5 | Noticed an ancient lich
 40927 | Vaults:5 | Killed an ancient lich
 40956 | Vaults:5 | Noticed Xtahua
 40962 | Vaults:5 | Killed Xtahua
 41647 | Vaults:5 | Identified the +0 halberd of Loscheezusk {antimagic,
                  | Will+++ Str+3}
 41894 | Vaults:5 | Identified the +8 plate armour of the King of the Hill {Fly
                  | rC+}
 41894 | Vaults:5 | Identified the ring "Ufrem" {Wiz Fly rPois rF+ rC+}
 41905 | Vaults:5 | Reached skill level 15 in Shields
 41965 | Vaults:5 | Identified the +3 dire flail of Grandeur {venom, Str+4
                  | Dex+3 Stlth+}
 41978 | Vaults:5 | Identified the ring of Elyvilon's Reproof {Fire Str+5}
 41987 | Vaults:5 | Got a silver rune of Zot
 42576 | Elf:3    | Entered Level 3 of the Elven Halls
 42768 | Elf:3    | Paralysed by an air elemental for 1 turns
 43067 | Elf:3    | Found Ohouco's General Store.
 43073 | Elf:3    | Bought a potion of ambrosia for 120 gold pieces
 43122 | Elf:3    | Reached skill level 5 in Dodging
 43383 | Elf:3    | Identified the +9 spear "Vidog" {drain, Will+}
 43383 | Elf:3    | Identified the +11 halberd of Brutal Revenge {antimagic,
                  | Will+ rCorr Str+4 Dex+2}
 43388 | Elf:3    | Identified the +10 long sword of the Puffin {flame, Will-
                  | Str+7 Int+3}
 43388 | Elf:3    | Identified the ring of Barian {Wiz Will++ Dex+3}
 43588 | Elf:3    | Found the +3 giant club "Skullcrusher" {speed, Str+7}
 43644 | Elf:3    | Found the +6 arbalest "Damnation" {damnation}
 44143 | Slime:1  | Entered Level 1 of the Pits of Slime
 44343 | Slime:1  | Gained mutation: You are very vulnerable to cold. (rC--) [a
                  | shining eye]
 45370 | Slime:3  | Reached XP level 25. HP: 204/214 MP: 0/0
 45370 | Slime:3  | Learned a level 8 spell: Summon Horrible Things
 46210 | Slime:5  | Entered Level 5 of the Pits of Slime
 46245 | Slime:5  | Paralysed by a floating eye for 2 turns
 46420 | Slime:5  | Gained mutation: You are frail. (-10% HP) [a shining eye]
 46493 | Slime:5  | Gained mutation: You are very frail. (-20% HP) [a shining
                  | eye]
 46601 | Slime:5  | Noticed the Royal Jelly
 46973 | Slime:5  | Killed the Royal Jelly
 47426 | Slime:5  | Identified the +4 flail of the Writhing Gods {speed, rPois}
 47426 | Slime:5  | Identified the +8 morningstar "Zaleetawk" {spect, *Rage rC+
                  | Str+9 Dex-3}
 47434 | Slime:5  | Identified the +11 war axe of Fiotant {flame, rElec rPois
                  | rC- rN+++}
 47436 | Slime:5  | Identified the +1 robe of Apriosch {Int+3}
 47530 | Slime:5  | Got a slimy rune of Zot
 47984 | Depths:1 | Entered Level 1 of the Depths
 48028 | Depths:1 | Found a magical portal.
 48035 | WizLab   | Entered Tukima's Studio
 48061 | WizLab   | Identified the +0 hand crossbow of Wrath {speed, Stlth+}
 48145 | WizLab   | Noticed Peppero's illusion
 48217 | WizLab   | Noticed Peppero's illusion
 48466 | WizLab   | Noticed Peppero's illusion
 48593 | WizLab   | Identified the Reference Book on Interference
 48594 | WizLab   | Identified the Compilation of Spellbinding
 48597 | WizLab   | Identified the +3 hat of the Foremost Hosts {rPois Will-
                  | SInv}
 48603 | WizLab   | Noticed Peppero's illusion
 48607 | WizLab   | Noticed Peppero's illusion
 48619 | WizLab   | Noticed Peppero's illusion
 48633 | WizLab   | Identified the +2 hat "Hidghopusch" {Dex+7}
 48823 | Depths:1 | Reached skill level 10 in Dodging
 49273 | Depths:1 | Found a gateway to Hell.
 49425 | Depths:1 | Found a basalt altar of Yredelemnul.
 49462 | Depths:1 | Found a white marble altar of Elyvilon.
 49820 | Depths:2 | Found a transporter.
 49909 | Depths:2 | Found a one-way gate leading to the halls of Pandemonium.
 49957 | Depths:2 | Reached XP level 26. HP: 159/176 MP: 0/0
 50028 | Depths:2 | Noticed Nikola
 50195 | Depths:2 | Found the amulet of Vitality {RegenMP++ Regen++}
 50196 | Depths:2 | Found a transporter.
 50198 | Depths:2 | Noticed Sermion's ghost (journeyman DsBe)
 50198 | Depths:2 | Identified the ring of Finality {rPois Will- rCorr MP+9
                  | Slay+5}
 50199 | Depths:2 | Identified the +4 giant club "Cazouquo" {vorpal, rElec
                  | rCorr Str+2}
 50200 | Depths:2 | Identified the +8 great mace "Giasoit" {speed, Str+2}
 50200 | Depths:2 | Identified the +6 giant club of the Hall of Blades {flame,
                  | *Rage rN++}
 50220 | Depths:2 | HP: 8/172 [iron giant/the +4 giant club "Cazouquo" {vorpal,
                  | rElec rCorr Str+2} (3)]
 50222 | Depths:2 | Demolished by an ettin

Illustrated notes

Levels and vault maps discovered:
D:1:      minmay_arrival_up_and_down, layout_loops_ring,
          minmay_tree_intersection, serial_bayou_pond_e, minmay_pentomino_t2
D:2:      layout_basic
D:3:      layout_rooms
D:4:      layout_loops_ring, okawaru_trees_1, tgw_trog, minmay_pentomino_pile,
          uniq_menkaure
D:5:      layout_rooms, kennysheep_mini, minmay_temple_entry_glass,
          kennysheep_generic_room_15
D:6:      layout_loops_ring, serial_shops, nicolae_shop_stone,
          portal_sewer_entry_b, grunt_decor_one_mirror
D:7:      layout_layer_cave, mainiacjoe_overflow_surrounded_room,
          nicolae_uskayaw_murder_on_the_dancefloor, st_stairs_7, uniq_pikel,
          uniq_prince_ribbit1
D:8:      layout_loops_ring, mainiacjoe_overflow_alcove_1,
          general_overflow_altar, hex_medium, serial_bayou_lake_a, uniq_erica
D:9:      layout_roguey, zombieorc2_lemuel
D:10:     layout_rooms, mainiacjoe_overflow_24_doors,
          mainiacjoe_overflow_alcove_3, minmay_lair_entry_grove,
          minmay_quadrilaterals, uniq_lodul
D:11:     layout_irregular_city
D:12:     kennysheep_blocky_room, layout_loops_corners, ebering_ghost_gozag,
          hangedman_devilish_allure, uniq_gastronok, uniq_erolcha, uniq_jorgrun
D:13:     layout_layer_cave, serial_rivers, chequers_serial_rivers_micro_b,
          chequers_serial_rivers_room_b, chequers_serial_rivers_micro_e,
          chequers_serial_rivers_marsh, chequers_serial_rivers_micro_a,
          chequers_serial_rivers_micro_c, hangedman_abyss_or_decor_clamps,
          minivault_24, uniq_snorg
D:14:     layout_rooms, grunt_vaults_entry_tiered, hangedman_decor_slide_cut,
          minmay_alternating_orb
D:15:     grunt_enter_depths_giant_problem, layout_rooms, corexii_corridor_pit,
          hangedman_decor_clover_reticule
Temple:   cyrus_temple_forest
Lair:1:   layout_hall_layers, kennysheep_rathole, grunt_megastairs_1
Lair:2:   layout_regular_city
Lair:3:   layout_hall_layers, minmay_swamp_entry_reptiles,
          minmay_snake_entry_six_corridors, grunt_forest_stairs_clearing
Lair:4:   layout_roguey, minmay_slime_entry_oklob_open
Lair:5:   hangedman_lair_in_review, layout_gridlike,
          hangedman_lair_caniforms_friends, portal_ice_cave_entry_imps,
          uniq_rupert
Swamp:1:  layout_falls_marsh, gammafunk_ghost_split, nicolae_swamp_bean_lake,
          uniq_louise
Swamp:2:  layout_basic_swamp, nicolae_swamp_some_circles,
          infiniplex_staircase_pool
Swamp:3:  layout_falls_marsh, nicolae_swamp_ascending_descending_big,
          swamp_pool1, nicolae_swamp_feature_on_the_river_bank
Swamp:4:  swamp_fiery, layout_basic_swamp
Snake:1:  layout_basic, st_stairs_5, nicolae_snake_gridmaze_spiral,
          hangedman_snake_pattern
Snake:2:  layout_misc_corridors, serial_nicolae_subway,
          nicolae_sub_station_crystal, nicolae_sub_station_metal,
          nicolae_sub_station_stone, grunt_megastairs_2, minmay_shoptagon
Snake:3:  layout_grid_shapes
Snake:4:  minmay_snake_end_coiled, layout_onion, serial_shops, bzr_entry_road,
          grunt_ministairs_1, drop_trap
Slime:1:  layout_caves, cheibrodos_slime_lost_civilization_7
Slime:2:  layout_caves
Slime:3:  layout_caves
Slime:4:  layout_caves
Slime:5
Orc:1:    layout_caves, abandoned_shop
Orc:2:    st_orc_congregation, layout_diamond_mine, basic_altar, uniq_josephine
Elf:1:    minmay_elf_arrival_plus, layout_onion_city, minivault_28
Elf:2:    elven_hall_of_blades_hangedman_original
          [nicolae_blade_entry_floor_patterns], layout_geoelf_grid, basic_altar
Elf:3:    grunt_elf_hall_diamonds, layout_loops_corners, serial_shops,
          nicolae_square_shop, dk_noncrumbling_2
Vaults:1: grunt_vaults_hallway_long, hangedman_vaults_slither,
          ontoclasm_vaults_ligature, hangedman_vaults_pinch,
          ontoclasm_vaults_shuriken, nicolae_vaults_border_crossing,
          vaults_standard_mumra_x, ontoclasm_vaults_tryst,
          nicolae_vaults_rhombus_7, nicolae_vaults_network_star, v_pattern_5,
          layout_vaults_maze_snakey, uniq_asterion
Vaults:2: gammafunk_ghost_mausoleum, ontoclasm_vaults_ring_small,
          minmay_crypt_entry_simple_plaza, ontoclasm_vaults_chip,
          layout_vaults_omnigrid, serial_shops, nicolae_square_shop, uniq_donald
Vaults:3: ebering_ghost_rock_garden, grunt_vaults_swirl, hangedman_vaults_slice,
          vaults_mumra_lcd, hangedman_vaults_capsules, ontoclasm_vaults_fault,
          hangedman_vaults_river_flow, v_misc_14, vaults_mumra_hexcomb,
          vaults_room_grid, nicolae_vaults_circle_grid_b,
          nicolae_vaults_gold_heap, vaults_room_fours,
          dpeg_vaults_hating_casters, layout_vaults_omnicross, uniq_bai_suzhen
Vaults:4: hangedman_vaults_stagger, vaults_dpeg_doors, nicolae_vaults_theta,
          nicolae_vaults_little_squares_1, nicolae_vaults_back_hallway,
          nicolae_vaults_network_periphery, nicolae_vaults_little_squares_4,
          v_misc_16, nicolae_vaults_little_ls, nicolae_vaults_inception_statues,
          ontoclasm_vaults_ring_small, grunt_vaults_funnel, vaults_dpeg_cross,
          vaults_room_octagon, vaults_dpeg_hooks, hangedman_vaults_maws,
          layout_vaults_omnibox, enter_trove_0
Vaults:5: uniq_xtahua
Depths:1: layout_gridlike, hell_entry, yredelemnul_altar_generic,
          mu_enter_wizlab_4, hellmonk_bongcloud_opening,
          nicolae_elyvilon_peaceful_grove, roderic_lattice_octagonal_star
Depths:2: cheibrodos_tormentor_scu, layout_long_grid, hell_entry,
          gammafunk_ghost_smash, pan_entry, grunt_decor_mini_mirrors,
          minmay_misc_feat_hallway, nrook_mini_vaults, lemuel_old_faithful,
          minmay_staircase_windowed_small, serial_bayou_shore_a, uniq_nikola,
          uniq_josephina

Skill      XL: |  1  2  3  4  5  6  7  8  9 10 11 12 13 14 15 16 17 18 19 20 21 22 23 24 25 26 |
---------------+-------------------------------------------------------------------------------+-----
Stealth        | 2 |  2.0
Fighting       | 1 2 3 4 6 8 10 11 13 14 15 16 17 18 19 20 21 22 23 24 | 24.8
Spellcasting   | 4 6 8 10 11 12 13 14 15 16 17 18 19 20 21 | 21.4
Armour         | 4 7 10 11 13 14 15 16 17 18 19 | 19.6
Shields        | 2 5 6 8 9 10 11 12 13 14 15 16 | 16.2
Dodging        | 7 10 11 | 11.1

Action                   |  1- 3 |  4- 6 |  7- 9 | 10-12 | 13-15 | 16-18 | 19-21 | 22-24 | 25-27 || total
-------------------------+-------+-------+-------+-------+-------+-------+-------+-------+-------++-------
Melee: Staff             |       |       |     2 |     2 |     6 |    25 |    40 |    19 |    13 ||   107
 Cast: Magic Dart        |    63 |    53 |   174 |   237 |   271 |    21 |     4 |       |       ||   823
       Searing Ray       |       |     5 |    14 |     2 |     1 |       |       |       |       ||    22
       Iskenderun's Myst |       |     2 |    62 |   115 |   123 |   120 |   113 |    89 |    32 ||   656
       Fulminant Prism   |       |       |     3 |     6 |     2 |    14 |       |     2 |       ||    27
       Portal Projectile |       |       |       |     1 |       |       |       |       |       ||     1
       Iskenderun's Batt |       |       |       |    17 |    47 |    21 |     7 |       |       ||    92
       Iron Shot         |       |       |       |       |   105 |   447 |   407 |   433 |   276 ||  1668
       Scorch            |       |       |       |       |    15 |       |       |     1 |       ||    16
       Haunt             |       |       |       |       |       |     1 |       |    36 |    10 ||    47
       Dispersal         |       |       |       |       |       |       |       |     1 |       ||     1
       Summon Horrible T |       |       |       |       |       |       |       |       |    14 ||    14
Invok: Curse Item        |       |       |     3 |     2 |     3 |     1 |       |     2 |       ||    11
       Shatter the Chain |       |       |       |       |       |       |     1 |     1 |       ||     2
Evoke: Wand              |       |       |       |       |       |       |       |     1 |       ||     1
  Use: Scroll            |       |     3 |    13 |     2 |     4 |     1 |     3 |    10 |    13 ||    49
       Potion            |       |       |     2 |       |       |       |       |     2 |     8 ||    12
 Stab: Distracted        |       |       |       |       |       |       |     1 |       |       ||     1
Armor: Robe              |     1 |       |     6 |    23 |    41 |    50 |    45 |    20 |       ||   186
       Plate armour      |       |       |       |       |       |       |       |    61 |    85 ||   146
Dodge: Dodged            |     2 |     7 |    26 |    61 |    81 |    89 |   102 |    92 |    46 ||   506
Block: Other             |     1 |       |     2 |       |       |       |       |       |       ||     3
       Buckler           |       |       |       |       |    51 |    95 |   126 |   153 |    79 ||   504
       Reflection        |       |       |       |       |    31 |    25 |    51 |    63 |    22 ||   192

Table legend: (Time is in decaauts)
 A = Elapsed time spent in this place.
 B = Non-inter-level travel time spent in this place.
 C = Inter-level travel time spent in this place.
 D = Time resting spent in this place.
 E = Time spent auto-exploring this place.
 F = Levels seen in this place.
 G = Mean time per level.
                   A        B        C        D        E       F      G
               +--------+--------+--------+--------+--------+-----+--------+
         Total |  50314 |  47106 |   3208 |   3777 |  33699 |  50 | 1006.3 |
       Dungeon |  14507 |  13332 |   1175 |    640 |  10248 |  15 |  967.1 |
        Temple |     54 |     33 |     21 |      0 |     23 |   1 |   54.0 |
          Lair |   4666 |   4326 |    340 |    106 |   3374 |   5 |  933.2 |
         Swamp |   3512 |   3368 |    144 |    106 |   2527 |   4 |  878.0 |
     Snake Pit |   4300 |   4063 |    237 |    142 |   3326 |   4 | 1075.0 |
    Slime Pits |   3650 |   3524 |    126 |    444 |   2149 |   5 |  730.0 |
  Orcish Mines |   1763 |   1406 |    357 |     85 |   1007 |   2 |  881.5 |
   Elven Halls |   4179 |   3872 |    307 |    379 |   2723 |   3 | 1393.0 |
        Vaults |  10277 |   9844 |    433 |   1291 |   6568 |   5 | 2055.4 |
        Depths |   1511 |   1447 |     64 |    234 |    863 |   2 |  755.5 |
        Bazaar |    111 |    111 |      0 |      0 |     81 |   1 |  111.0 |
         Sewer |    242 |    242 |      0 |      0 |    186 |   1 |  242.0 |
      Ice Cave |    805 |    805 |      0 |    137 |    412 |   1 |  805.0 |
        Wizlab |    729 |    729 |      0 |    213 |    212 |   1 |  729.0 |
               +--------+--------+--------+--------+--------+-----+--------+

Top non-repeatable levels by time:
Vaults:4: 2665 daAuts
Vaults:5: 2518 daAuts
Vaults:3: 2128 daAuts
Vaults:1: 1711 daAuts
    D:12: 1652 daAuts
   Orc:2: 1635 daAuts
  Lair:5: 1616 daAuts
    D:13: 1585 daAuts
   Elf:2: 1495 daAuts
   Elf:1: 1391 daAuts
   Elf:3: 1292 daAuts
 Snake:4: 1274 daAuts
Vaults:2: 1254 daAuts
     D:4: 1221 daAuts
 Snake:1: 1181 daAuts
